 Dungeon Crawl Stone Soup version 0.17-a0-1393-gcb420ff (webtiles) character file.

634 ololoev the Slasher (level 7, 0/49 HPs)
             Began as a Vampire Warper on June 16, 2015.
             Was an Initiate of Yredelemnul.
             Slain by an ogre
             ... wielding a +0 giant club
              (23 damage)
             ... on level 4 of the Dungeon.
             The game lasted 00:10:28 (4341 turns).

ololoev the Slasher (Vampire Warper)                Turns: 4341, Time: 00:10:28

Health: 0/49       AC: 10    Str: 12    XL:     7   Next: 24%
Magic:  10/10      EV:  6    Int: 16    God:    Yredelemnul [......]
Gold:   131        SH:  0    Dex: 13    Spells: 2 memorised, 7 levels left

rFire  . . .     SeeInvis +     a - +0 falchion
rCold  . . .     Clarity  .     v - +0 chain mail
rNeg   . . .     SustAt   .     (no shield)
rPois  .         Gourm    .     (no helmet)
rElec  .         Spirit   .     (no cloak)
rCorr  +         Warding  .     m - +0 pair of gloves (curse)
rMut   .         Stasis   .     (no boots)
MR     .....                    f - amulet of resist corrosion
Stlth  ..........               (no ring)
                                (no ring)

@: lethally poisoned (0 -> -1), regenerating quickly, not resistant to hostile
enchantments, extremely unstealthy
A: fangs 3, see invisible, unbreathing
a: Renounce Religion


Innate Abilities, Weirdness & Mutations

Your natural rate of healing is unusually fast.
You have razor-sharp teeth.
You have supernaturally acute eyesight.
You can survive without breathing.

Inventory:

Hand weapons
 a - a +0 falchion (weapon)
Armour
 m - a cursed +0 pair of gloves (worn)
 v - a +0 chain mail (worn)
Jewellery
 f - an amulet of resist corrosion (around neck)
Magical devices
 p - a wand of flame (19)
Scrolls
 d - 3 scrolls of blinking
 e - a scroll of enchant armour {unknown}
 h - 5 scrolls of remove curse {unknown}
 k - a scroll of enchant weapon {unknown}
 l - 2 scrolls of immolation {unknown}
 n - 2 scrolls of identify {unknown}
 q - a scroll of amnesia {unknown}
 r - a scroll of noise {unknown}
 t - a scroll of teleportation {unknown}
Potions
 b - a potion of haste {unknown}
 c - a potion of poison {unknown}
 g - 3 potions of curing
 i - a potion of agility {unknown}
 j - 2 potions of invisibility {unknown}
 o - a potion of flight {unknown}
 s - a potion of might {unknown}
 u - 2 potions of brilliance {unknown}
 x - a potion of cancellation {unknown}
 z - a potion of magic {unknown}
Books
 w - a book of Alchemy

   Spells                             Type                      Level
   a - Sublimation of Blood           Necromancy                   2
   b - Ignite Poison                  Fire/Transmutation/Poison    3
   c - Alistair's Intoxication        Transmutation/Poison         4
   d - Condensation Shield            Ice                          4
   e - Petrify                        Transmutation/Earth          4
   f - Irradiate                      Conjuration/Transmutation    5


   Skills:
 - Level 1.7 Fighting
 * Level 6.7 Long Blades
 - Level 0.7 Throwing
 + Level 3.6 Armour
 - Level 2.1 Dodging
 - Level 2.0 Spellcasting
 - Level 2.4 Translocations


You had 7 spell levels left.
You knew the following spells:

 Your Spells              Type           Power        Failure   Level  Hunger
a - Apportation           Tloc           #.........   100%        1    #......
b - Blink                 Tloc           N/A          100%        2    ###....


You were on level 4 of the Dungeon.
You worshipped Yredelemnul.
Yredelemnul was noncommittal.
You were full.

You visited 2 branches of the dungeon, and saw 5 of its levels.

You collected 131 gold pieces.

#.........# #
#.........##.#
#............#
#.........####
#.........#
#######...#
##(.#
####..#####
#...$.(@..#
#....>O.).#
#.........#
#.........#
#.......?.#
#.........# #
#.........# #
#....?....# #

Notes
Turn   | Place    | Note
--------------------------------------------------------------
     0 | D:1      | ololoev the Vampire Warper began the quest for the Orb.
     0 | D:1      | Reached XP level 1. HP: 16/16 MP: 3/3
   263 | D:1      | Found a shattered altar of Ashenzari.
   285 | D:1      | Reached skill level 1 in Armour
   410 | D:1      | Reached XP level 2. HP: 17/22 MP: 5/5
   864 | D:2      | Noticed Natasha
   876 | D:2      | Killed Natasha
   876 | D:2      | Reached skill level 3 in Long Blades
   876 | D:2      | Reached XP level 3. HP: 9/27 MP: 6/6
  1152 | D:2      | Noticed Natasha
  1161 | D:2      | Killed Natasha
  1242 | D:2      | Learned a level 2 spell: Blink
  1278 | D:2      | Noticed Terence
  1381 | D:2      | Reached XP level 4. HP: 30/33 MP: 7/7
  1413 | D:2      | Killed Terence
  1413 | D:2      | Reached skill level 4 in Long Blades
  1774 | D:3      | Reached XP level 5. HP: 35/38 MP: 8/8
  1803 | D:3      | Found a shimmering altar of Xom.
  1856 | D:3      | Reached skill level 5 in Long Blades
  1948 | D:3      | Reached XP level 6. HP: 34/44 MP: 9/9
  1949 | D:3      | Noticed Natasha
  1955 | D:3      | Killed Natasha
  2274 | D:3      | HP: 1/44 [orc wizard/puff of flame (6)]
  2961 | D:3      | Reached skill level 6 in Long Blades
  3320 | D:4      | Found a radiant altar of Vehumet.
  3481 | D:4      | Found a staircase to the Ecumenical Temple.
  3494 | Temple   | Entered the Ecumenical Temple
  3594 | Temple   | Became a worshipper of Yredelemnul the Dark
  3634 | D:4      | Reached XP level 7. HP: 37/49 MP: 10/10
  3979 | D:4      | Found a bloodstained altar of Trog.
  4341 | D:4      | Slain by an ogre

Dungeon Overview and Level Annotations

Branches:
Dungeon (4/15)             Temple (1/1) D:4

Altars:
Ashenzari
Cheibriados
Elyvilon
Makhleb
Nemelex Xobeh
Sif Muna
Trog
Vehumet
Xom
Yredelemnul
Zin


Message History

Yredelemnul accepts your kill.
You feel sick.
You hit the ogre. You bite the ogre.
The ogre is moderately wounded.
You feel sick. The ogre hits you with a giant club.
You barely miss the ogre.
The ogre is moderately wounded.
You hit the ogre.
The ogre is moderately wounded.
You feel sick. The ogre barely misses you.
You hit the ogre.
The ogre is heavily wounded.
You feel sick. The ogre hits you but does no damage.
You hit the ogre but do no damage.
The ogre is heavily wounded.
The ogre hits you with a giant club.
Your chain mail prevents you from hitting the ogre.
The ogre is heavily wounded.
You feel sick.
You hit the ogre.
The ogre is heavily wounded.
The ogre hits you with a giant club.
You hit the ogre but do no damage.
The ogre is heavily wounded.
You feel sick. The ogre hits you with a giant club!
You are too injured to fight recklessly!
You are too injured to fight recklessly!
You are too injured to fight recklessly!
You are too injured to fight recklessly!
You slash the ogre!
The ogre is severely wounded.
The ogre closely misses you.
You hit the ogre but do no damage.
The ogre is severely wounded.
You feel sick.
You hit the ogre.
The ogre is severely wounded.
The ogre hits you with a giant club!!
You die...
Yredelemnul claims you as an undead slave.

You could see an ogre.

Vanquished Creatures
  A centaur (D:3)
  A scorpion (D:4)
  4 crimson imps (D:3)
  A hound (D:4)
  A giant frog skeleton (D:4)
  2 orc wizards
  An iguana (D:3)
  Terence (D:2)
  Natasha (thrice) (D:2 D:3)
  6 adders
  An ooze (D:4)
  2 worms
  3 giant geckos
  6 orcs
  5 goblins
  8 hobgoblins
  3 jackals (D:3)
  2 ball pythons
  9 bats
  4 giant cockroaches
  6 giant newts
  12 kobolds
  7 rats
89 creatures vanquished.

Vanquished Creatures (others)
  An orc wizard (D:3)
1 creature vanquished.

Grand Total: 90 creatures vanquished

Action                   |  1- 3 |  4- 6 |  7- 9 || total
-------------------------+-------+-------+-------++-------
Melee: Falchion          |   108 |   352 |    81 ||   541
Throw: Tomahawk          |       |     5 |       ||     5
  Use: Potion            |     9 |     9 |     2 ||    20
  Eat: Corpse            |       |     4 |     2 ||     6

Vault maps used:
D:1:      minmay_arrival_nine_rooms, ashenzari_altar_1
D:2:      first_bread, minmay_misc_feat_plants, uniq_natasha, uniq_terence
D:3:      led_xom_imps, grunt_ministairs_14
D:4:      kennysheep_mini_moat, minmay_temple_entry_statues_pillars,
          vehumet_altar_wand_db
Temple:   circular_temple_pool_8
